 Dungeon Crawl Stone Soup version 0.17-a0-1430-g49fde19 (webtiles) character file.

362 bal the Ducker (level 6, -2/50 HPs)
             Began as a Draconian Transmuter on June 25, 2015.
             Slain by urechis's ghost (5 damage)
             ... on level 5 of the Dungeon.
             The game lasted 00:14:15 (3383 turns).

bal the Ducker (Draconian Transmuter)               Turns: 3383, Time: 00:14:15

Health: -2/50      AC:  6    Str: 13    XL:     6   Next: 39%
Magic:  8/10       EV: 13    Int: 14    God:
Gold:   204        SH:  0    Dex: 12    Spells: 3 memorised, 4 levels left

rFire  . . .     SeeInvis .     a - +1 short sword (flame)
rCold  . . .     Clarity  .     (armour unavailable)
rNeg   . . .     SustAt   .     (no shield)
rPois  +         Gourm    .     (helmet restricted)
rElec  .         Spirit   .     (no cloak)
rCorr  .         Warding  .     (no gloves)
rMut   .         Stasis   .     (no boots)
MR     .....                    (no amulet)
Stlth  +.........               (no ring)
                                q - ring of poison resistance

@: not resistant to hostile enchantments, very unstealthy
A: unfitting armour, cold-blooded, AC +6
a: no special abilities


You were on level 5 of the Dungeon.
You were not hungry.

You visited 1 branch of the dungeon, and saw 5 of its levels.
You also visited: Sewer.

You collected 204 gold pieces.

Inventory:

Hand weapons
 a - a +1 short sword of flaming (weapon)
 b - a +0 hunting sling
 e - a +0 club
Missiles
 k - 14 poisoned arrows
 n - 14 poisoned needles
 p - 10 steel sling bullets
 r - 65 arrows
 s - 6 javelins (quivered)
Jewellery
 q - a ring of poison resistance (left hand)
 y - an uncursed amulet of regeneration {unknown}
Scrolls
 g - 3 scrolls of identify
 h - a scroll of magic mapping
 j - 5 scrolls of remove curse
 t - 2 scrolls of fog
 w - 2 scrolls of recharging
Potions
 f - 4 potions of flight
 v - a potion of magic
Books
 i - a book of Changes

   Spells                             Type                      Level
   a - Beastly Appendage              Transmutation                1
   b - Sticks to Snakes               Transmutation                2
   c - Spider Form                    Transmutation/Poison         3
   d - Ice Form                       Ice/Transmutation            4
   e - Blade Hands                    Transmutation                5
Comestibles
 c - 3 bread rations
 d - a royal jelly
 m - 2 fruits
 o - 3 meat rations


   Skills:
 + Level 2.5 Fighting
 + Level 0.6 Short Blades
 + Level 1.6 Slings
 + Level 4.0 Dodging
 + Level 3.9 Unarmed Combat
 + Level 2.8 Spellcasting
 + Level 2.3 Transmutations
 + Level 1.0 Poison Magic


You had 4 spell levels left.
You knew the following spells:

 Your Spells              Type           Power        Failure   Level  Hunger
a - Beastly Appendage     Trmt           #.....       10%         1    #......
b - Sticks to Snakes      Trmt           #.........   14%         2    ###....
c - Spider Form           Trmt/Pois      #.........   38%         3    ###....


Dungeon Overview and Level Annotations

Branches:
Dungeon (5/15)             Temple (0/1) D:4

Altars:
Dithmenos
Vehumet

Annotations:
D:5 Blork the orc; urechis's ghost, experienced VSMo


Innate Abilities, Weirdness & Mutations

Your plain brown scales are hard (AC +6).
Your body does not fit into most forms of armour.
You are cold-blooded and may be slowed by cold attacks.


Message History

You hit urechis's ghost but do no damage.
Urechis's ghost is lightly damaged.
Urechis's ghost closely misses you. The rat misses you.
You hit urechis's ghost but do no damage.
Urechis's ghost is lightly damaged.
Urechis's ghost hits you.
* * * LOW HITPOINT WARNING * * *
The rat misses you.
You hit urechis's ghost but do no damage.
Urechis's ghost is lightly damaged.
Urechis's ghost closely misses you. The rat misses you.
You hit urechis's ghost.
Urechis's ghost is lightly damaged.
Urechis's ghost completely misses you. The rat barely misses you.
You completely miss urechis's ghost.
Urechis's ghost is lightly damaged.
Your transformation has ended.
Your +1 short sword of flaming unmelds from your body.
It bursts into flame!
Urechis's ghost hits you.
You die...

..... .
......##.
......#.. #
#.....#.# .#
........###.#
#..#......###.
..#....r........
#......W@...#
##............#
##..#......###
#.......#.#
#...#.#.....
#.....[.......
..$
.....#.......##
#).
.#........#.##
##. #..


You could see urechis's ghost and a rat.

Vanquished Creatures
  Purgy (Sewer)
  A giant frog (D:3)
  An orc wizard (D:5)
  An iguana (D:4)
  4 adders
  3 worms
  4 giant geckos
  9 orcs
  A bat skeleton (D:4)
  5 giant cockroaches
  9 goblins
  2 hobgoblins
  8 kobolds
  2 quokkas
  2 ball pythons
  9 bats
  A giant gecko zombie (D:5)
  8 giant newts
  6 rats
77 creatures vanquished.

Vanquished Creatures (collateral kills)
  An adder (D:2)
  A worm (D:2)
  A goblin (D:2)
  A kobold (D:3)
  A rat (D:2)
5 creatures vanquished.

Grand Total: 82 creatures vanquished

Notes
Turn   | Place    | Note
--------------------------------------------------------------
     0 | D:1      | bal the Draconian Transmuter began the quest for the Orb.
     0 | D:1      | Reached XP level 1. HP: 16/16 MP: 3/3
   249 | D:1      | Reached XP level 2. HP: 20/23 MP: 5/5
   266 | D:1      | Learned a level 2 spell: Sticks to Snakes
   966 | D:2      | Reached XP level 3. HP: 26/28 MP: 6/6
  1261 | D:3      | Found a shadowy altar of Dithmenos.
  1729 | D:3      | Noticed a giant frog
  1737 | D:3      | HP: 1/28 [kobold/whip (2)]
  1739 | D:3      | Killed a giant frog
  1739 | D:3      | Reached skill level 1 in Slings
  1739 | D:3      | Reached XP level 4. HP: 1/36 MP: 4/7
  1740 | D:3      | Reached XP level 5. HP: 2/41 MP: 4/8
  2047 | D:3      | Learned a level 2 spell: Sticks to Snakes
  2051 | D:3      | Learned a level 3 spell: Spider Form
  2221 | D:4      | Found a glowing drain.
  2345 | D:4      | Found a radiant altar of Vehumet.
  2430 | D:4      | Found a staircase to the Ecumenical Temple.
  2563 | Sewer    | Entered a sewer
  2614 | Sewer    | Noticed Purgy
  2631 | Sewer    | Killed Purgy
  2631 | Sewer    | Reached XP level 6. HP: 36/49 MP: 3/10
  3142 | D:5      | Entered Level 5 of the Dungeon
  3143 | D:5      | Noticed Blork the orc
  3162 | D:5      | Reached skill level 4 in Dodging
  3162 | D:5      | Reached skill level 1 in Poison Magic
  3239 | D:4      | Noticed a phantom
  3365 | D:5      | Noticed urechis's ghost (experienced VSMo)
  3383 | D:5      | Slain by urechis's ghost

Vault maps used:
D:1:      dpeg_arrival_court
D:2:      first_bread
D:3:      nicolae_dithmenos_shadow_blocks
D:4:      kennysheep_mini, temple_statues, portal_sewer_entry_a,
          grunt_ministairs_9
D:5:      nicolae_ossuary_entry_catacombs, nemelex_spade_bored_becter,
          uniq_grinder, uniq_blork_the_orc
Sewer:    sewer_co_purgy_island

Action                   |  1- 3 |  4- 6 || total
-------------------------+-------+-------++-------
Melee: Club              |    14 |       ||    14
       Unarmed           |     7 |    56 ||    63
       Short sword       |   109 |   106 ||   215
 Fire: Hunting sling     |    37 |       ||    37
 Cast: Beastly Appendage |     3 |     3 ||     6
       Sticks to Snakes  |     6 |     7 ||    13
       Spider Form       |       |    10 ||    10
  Use: Potion            |     4 |     4 ||     8
       Scroll            |       |     9 ||     9
 Stab: Sleeping          |       |     1 ||     1
  Eat: Chunk             |     2 |     3 ||     5
       Meat ration       |     1 |       ||     1
       Beef jerky        |       |     1 ||     1
